 Dungeon Crawl Stone Soup version 0.32-a0-986-ga09f62fbf4 (webtiles) character file.

Game seed: 5001697957153284251

156516 Autsider the Earth Mage (level 17, 0/112 HPs)
             Began as a Gargoyle Earth Elementalist on Apr 22, 2024.
             Was an Elder of Sif Muna.
             Slain by a white very ugly thing (17 damage)
             ... in an ice cave.
             The game lasted 02:35:34 (43526 turns).

Autsider the Earth Mage (GrEE)                     Turns: 43526, Time: 02:35:34

Health: 0/112      AC: 22    Str: 15    XL:     17   Next: 67%
Magic:  13/43      EV: 10    Int: 27    God:    Sif Muna [****..]
Gold:   1646       SH:  9    Dex: 10    Spells: 6/42 levels left

rFire   + + .        t - +2 demon trident (elec)
rCold   + . .        y - +0 kite shield {rPois}
rNeg    + . .        N - +3 leather armour {rF+}
rPois   ∞            E - +0 hat {Will+}
rElec   +            B - scarf {rC+ rF+}
rCorr   .            o - +0 pair of gloves
SInv    .            L - +0 pair of boots
Will    ++...        Z - amulet of regeneration
Stlth   ++           C - +6 ring of intelligence
HPRegen 1.18/turn    m - ring of magical power
MPRegen 0.28/turn

%: no passive effects
@: liquefying, flying, slowed movement, very slow
A: sickness immunity, AC +12, big wings, negative energy resistance 1,
electricity resistance, torment resistance 1, petrification resistance
a: Renounce Religion, Channel Magic, Forget Spell, Divine Exegesis


You were in an ice cave.
You worshipped Sif Muna.
Sif Muna was greatly pleased with you.
You visited 5 branches of the dungeon, and saw 26 of its levels.
You also visited: Sewer, Ossuary, Ice Cave and Volcano.

You collected 4665 gold pieces.
You spent 3019 gold pieces at shops.

Inventory:

Hand Weapons
 t - a +2 demon trident of electrocution (weapon)
Missiles
 e - 2 throwing nets
 g - 3 curare-tipped darts
 z - 5 poisoned darts
Armour
 o - a +0 pair of gloves (worn)
 y - a +0 kite shield of poison resistance (worn)
 B - a scarf of resistance (worn)
 E - a +0 hat of willpower (worn)
 L - a +0 pair of boots (worn)
 N - a +3 leather armour of fire resistance (worn)
 P - a +1 tower shield of cold resistance
 T - a +2 ring mail of positive energy
Magical Staves
 l - a staff of cold
Jewellery
 c - the ring of Dawn {Fly rF+ SInv}
   (You took it off a gnoll sergeant on level 12 of the Dungeon)

   [ring of protection from fire]

   rF+:       It protects you from fire.
   SInv:      It lets you see invisible.
   Fly:       It grants you flight.
 m - a ring of magical power (right hand)
 v - a +5 ring of evasion
 C - a +6 ring of intelligence (left hand)
 I - a ring of fire
 V - a ring of ice
 Z - an amulet of regeneration (around neck)
Wands
 a - a wand of roots (7)
 x - a wand of flame (17)
 A - a wand of polymorph (19)
 H - a wand of paralysis (16)
 O - a wand of mindburst (25)
 X - a wand of light (9)
Scrolls
 f - 9 scrolls of immolation
 n - a scroll of revelation
 r - 4 scrolls of fear
 s - 4 scrolls of torment
 u - 5 scrolls of fog
 D - 3 scrolls of teleportation {@r2}
 G - 4 scrolls of vulnerability
 M - a scroll of butterflies
 S - a scroll of poison
Potions
 b - 3 potions of magic
 d - 2 potions of haste
 h - 8 potions of lignification
 i - a potion of ambrosia
 j - 3 potions of might
 k - 11 potions of curing {@q1}
 p - 7 potions of enlightenment
 q - 9 potions of heal wounds {@q2}
 w - 2 potions of resistance
 F - a potion of mutation
 J - 3 potions of brilliance
 Q - 2 potions of cancellation
 R - 2 potions of invisibility
Miscellaneous
 K - a Gell's gravitambourine (2/2)


   Skills:
 - Level 14.3 Fighting
 - Level 2.0 Maces & Flails
 + Level 2.9 Polearms
 + Level 6.9 Armour
 + Level 5.9 Dodging
 - Level 4.0 Stealth
 * Level 6.0 Shields
 - Level 13.1 Spellcasting
 - Level 9.0 Conjurations
 - Level 4.0 Necromancy
 * Level 9.9 Ice Magic
 + Level 16.6 Earth Magic
 - Level 5.0 Alchemy
 - Level 10.0 Invocations
 + Level 4.3 Evocations


You had 6 spell levels left.
You knew the following spells:

 Your Spells              Type           Power      Damage    Failure   Level
a - Stone Arrow           Conj/Erth      100%       3d13      1%          3
b - Lee's Rapid Deconstr  Erth           41%        3d20*     1%          5
c - Permafrost Eruption   Ice/Erth       37%        2x4d9     7%          6
e - Borgnjor's Vile Clut  Necr/Erth      32%        N/A       4%          5
u - Leda's Liquefaction   Alch/Erth      33%        N/A       1%          4
x - Sandblast             Erth           100%       2d20      0%          1
A - Petrify               Alch/Erth      66%        N/A       1%          4
B - Brom's Barrelling Bo  Conj/Erth      72%        2d9       1%          4
C - Animate Armour        Summ/Erth      100%       N/A       3%          4

Your spell library contained the following spells:

 Spells                   Type           Power      Damage    Failure   Level
 Kiss of Death            Conj/Necr      100%       2d13      1%          1
 Necrotise                Necr           100%       1d9       1%          1
 Sting                    Conj/Alch      100%       1d9       1%          1
 Hailstorm                Conj/Ice       62%        3d11      1%          3
 Passwall                 Erth           82%        N/A       1%          3
 Dazzling Flash           Conj/Hex       84%        N/A       4%          3
 Summon Ice Beast         Ice/Summ       44%        N/A       4%          3
 Vampiric Draining        Necr           39%        2d8       6%          3
 Iskenderun's Battlesphe  Conj           60%        2d11      7%          5
 Apportation              Tloc           34%        N/A       11%         1
 Summon Small Mammal      Summ           68%        N/A       11%         1
 Scorch                   Fire           34%        2d6       16%         2
 Flame Wave               Conj/Fire      42%        2d11      16%         4
 Irradiate                Conj/Alch      27%        3d20      16%         5
 Dispel Undead            Necr           39%        3d16      21%         4
 Call Canine Familiar     Summ           17%        N/A       30%         3
 Confusing Touch          Hex            17%        N/A       30%         3
 Sigil of Binding         Hex            17%        N/A       30%         3
 Volatile Blastmotes      Fire/Tloc      34%        2d12      30%         3
 Alistair's Intoxication  Alch           30%        N/A       34%         5
 Sticky Flame             Fire/Alch      31%        2d7       36%         4
 Anguish                  Hex/Necr       14%        N/A       41%         4
 Arcjolt                  Conj/Air       21%        1d31      41%         5
 Curse of Agony           Necr           39%        N/A       50%         5
 Sculpt Simulacrum        Ice/Alch       27%        N/A       58%         6
 Cause Fear               Hex            8%         N/A       71%         4
 Dimensional Bullseye     Hex/Tloc       8%         N/A       71%         4
 Vhi's Electric Charge    Tloc/Air       34%        N/A       71%         4
 Yara's Violent Unravell  Hex/Alch       15%        3d8       71%         5
 Starburst                Conj/Fire      21%        6d7       94%         6
 Summon Forest            Summ/Tloc      8%         N/A       96%         5
 Summon Mana Viper        Hex/Summ       17%        N/A       96%         5
 Death Channel            Necr           19%        N/A       97%         6
 Gell's Gavotte           Tloc           8%         2d(15-22) 100%        6
 Summon Cactus Giant      Summ           8%         N/A       100%        6
 Seismic Cannonade        Alch/Erth      33%        6d12      69%         7
 Magnavolt                Erth/Air       29%        3d16      96%         7
 Enfeeble                 Hex            8%         N/A       100%        7
 Fulsome Fusillade        Conj/Alch      27%        (3-5)d10  100%        8


Dungeon Overview and Level Annotations

Branches:
Dungeon (15/15) Temple (1/1) D:4 Lair (5/5) D:9 Shoals (0/4) Lair:2 Snake (3/4) Lair:2 Slime (0/5) Lair:5 Orc (2/2) D:9 Elf (0/3) Orc:2 Vaults (0/5) D:13 D:14 Depths (0/4) D:15 Sewer (visited) Ossuary (visited) IceCv (1/1) Volcano (visited)

Altars:
Ashenzari
Cheibriados
Dithmenos
Elyvilon
Fedhas
Gozag
Hepliaklqana
Kikubaaqudgha
Makhleb
Nemelex Xobeh
Okawaru
Qazlal
Ru
Sif Muna
Trog
Uskayaw
Vehumet
Wu Jian
Xom
Yredelemnul
Zin
The Shining One
Beogh
Jiyva

Shops:
D:12 ?   Orc:1 [   Orc:2 [([[   Snake:1 :=:   Snake:3 *(

Portals:
Trove: D:12 (give +2 storm dragon scales)

Annotations:
D:14 exclusion: downstairs


Innate Abilities, Weirdness & Mutations

You are immune to sickness and miasma.
Your stone body is resilient. (AC +12)
You are immune to poison.
Your large and strong wings let you fly.
You resist negative energy. (rN+)
You are resistant to electric shocks. (rElec)
You are resistant to unholy torment.
You are immune to petrification.


Message History

Aiming: Lee's Rapid Deconstruction (mildly dangerous; 1% risk of failure)
Press: ? - help, Dir - move target, f - seven-headed hydra simulacrum, p - dire elephant simulacrum Fragment what (e.g. wall or brittle monster)?: a seven-headed hydra simulacrum (severely damaged, covering ground slowly)
The seven-headed hydra simulacrum shatters!!
The seven-headed hydra simulacrum vaporises!
Sif Muna accepts your kill.
The icy blast hits the dire elephant simulacrum!!
The dire elephant simulacrum partially resists.
The dire elephant simulacrum vaporises!
Sif Muna accepts your kill.
The icy blast hits the white very ugly thing!!
The white very ugly thing partially resists.
The white very ugly thing is severely wounded.
The white very ugly thing punches you but does no damage.
Casting: Lee's Rapid Deconstruction (mildly dangerous; 1% risk of failure)
Confirm with . or Enter, or press ? or * to list all spells.
Aiming: Stone Arrow (safe; 1% risk of failure)
Press: ? - help, Shift-Dir - straight line, f - white very ugly thing
Aim: a white very ugly thing (severely wounded, covering ground slowly, 78% to hit)
The stone arrow misses the white very ugly thing.
The white very ugly thing punches you but does no damage.
Casting: Stone Arrow (safe; 1% risk of failure)
Confirm with . or Enter, or press ? or * to list all spells.
Aiming: Stone Arrow (safe; 1% risk of failure)
Press: ? - help, Shift-Dir - straight line, f/p - white very ugly thing
Aim: a white very ugly thing (severely wounded, covering ground slowly, 78% to hit)
The stone arrow hits the white very ugly thing!
The white very ugly thing is severely wounded.
The white very ugly thing becomes momentarily stuck in the liquid earth.
Casting: Stone Arrow (safe; 1% risk of failure)
Confirm with . or Enter, or press ? or * to list all spells.
Aiming: Stone Arrow (safe; 1% risk of failure)
Press: ? - help, Shift-Dir - straight line, f/p - white very ugly thing
Aim: a white very ugly thing (severely wounded, covering ground slowly, 78% to hit)
The stone arrow hits the white very ugly thing!!
The white very ugly thing is almost dead.
You feel less invigorated. The white very ugly thing punches you!
* * * LOW HITPOINT WARNING * * *
The white very ugly thing freezes you! You resist.
You die...

### ###...
#......
##.......
##........
#.......ß.
#@u°......
#∩∩......!
#.........
#.......ß.
##........
##.......
#......
###... ###


You could see a white very ugly thing (struggling).

Vanquished Creatures
  Rupert (D:13)
  Gastronok (D:11)
  A storm dragon (D:13)
  A shadow dragon (D:13)
  An orc warlord (Orc:2)
  A red draconian (Volcano)
  A dire elephant (Lair:5)
  Fannar (Lair:3)
  2 fire dragons
  A salamander tyrant (Snake:3)
  5 hydras
  An ice dragon (D:15)
  4 anacondas
  11 centaur warriors
  A catoblepas (Lair:5)
  4 boulder beetles
  8 death yaks
  A tengu warrior (D:13)
  5 two-headed ogres
  9 naga sharpshooters
  8 naga warriors
  3 shock serpents
  Nergalle (Lair:3)
  2 salamander mystics
  4 naga ritualists
  4 spriggan simulacra (Snake:3)
  A swamp dragon (Lair:5)
  9 mana vipers
  3 deep elf pyromancers
  4 orc knights
  5 lindwurms
  5 obsidian bats
  16 ugly things
  A harpy (shapeshifter) (D:15)
  8 cyclopes
  4 orc sorcerers
  A wolf spider (D:15)
  An oklob plant (Lair:5)
  5 manticores
  10 salamanders
  7 kobold blastminers
  13 elephants
  Joseph (D:7)
  34 black mambas
  3 guardian serpents
  11 cane toads
  2 unseen horrors
  A cane toad (shapeshifter) (D:14)
  11 komodo dragons
  10 naga magi
  5 yaktaurs
  An unseen horror (shapeshifter) (D:13)
  2 anaconda simulacra
  An efreet (D:13)
  7 rime drakes
  4 trolls
  An alligator simulacrum (IceCv)
  A polar bear (Lair:3)
  A wind drake (Lair:2)
  A hornet (shapeshifter) (D:9)
  16 blink frogs
  3 dream sheep (Lair:5)
  2 centaur simulacra
  18 slime creatures
  2 wraiths (D:12)
  2 shadows
  4 wyverns
  A vampire (D:12)
  A fire elemental (D:8)
  53 yaks
  2 dire elephant simulacra (IceCv)
  4 fire bats (D:8)
  16 humans
  The ghost of Snaaty the Trooper, an amateur DsGl of Ru (D:4)
  11 wargs
  9 basilisks
  A minotaur simulacrum (Snake:3)
  4 steam dragons
  Grum (D:11)
  A redback (shapeshifter) (D:13)
  22 water moccasins
  2 harpy simulacra
  4 acid dragons
  32 nagas
  2 hydra simulacra (IceCv)
  A hell hound (D:8)
  A swamp drake (Lair:5)
  2 ice beasts (D:6)
  2 sky beasts (D:7)
  27 orc warriors
  4 laughing skulls (D:14)
  8 ogres
  2 black bears
  An ettin simulacrum (IceCv)
  30 wolves
  18 centaurs
  A kobold brigand (D:11)
  13 bullfrogs
  5 elf zombies (Ossuary)
  A gnoll sergeant (D:12)
  5 scorpions
  A deep troll simulacrum (Snake:3)
  14 killer bees
  3 electric eels (Lair:2)
  8 howler monkeys
  7 lava snakes
  4 centaur zombies (Ossuary)
  7 jellies
  A bombardier beetle (D:4)
  7 gnoll boudas
  11 orc priests
  A sleepcap (D:7)
  A hound (D:7)
  A human zombie (Ossuary)
  An iguana (shapeshifter) (D:14)
  10 iguanas
  27 orc wizards
  A bullfrog simulacrum (Ossuary)
  A hound skeleton (D:3)
  3 mummies (Ossuary)
  29 gnolls
  14 adders
  A shadow imp (D:8)
  2 white imps
  An adder zombie (D:3)
  6 ribbon worms
  9 dart slugs
  67 orcs
  10 ball pythons
  5 endoplasms
  13 giant cockroaches
  11 goblins
  6 hobgoblins
  6 kobolds
  5 quokkas
  A ball python zombie (D:3)
  5 bats
  10 frilled lizards (Sewer)
  A jackal zombie (D:3)
  A quokka skeleton (D:3)
  4 rats
923 creatures vanquished.

Vanquished Creatures (collateral kills)
  A mana viper (Snake:1)
  24 boulders
25 creatures vanquished.

Vanquished Creatures (others)
  An arcanist (D:8)
  A vampire (D:10)
  23 boulders
25 creatures vanquished.

Grand Total: 973 creatures vanquished

Notes
Turn   | Place    | Note
-------+----------+-------------------------------------------
     0 | D:1      | Autsider the Gargoyle Earth Elementalist began the quest
                  | for the Orb.
     0 | D:1      | Reached XP level 1. HP: 10/10 MP: 3/3
    50 | D:1      | Found a faded altar of an unknown god.
   227 | D:1      | Reached XP level 2. HP: 16/16 MP: 0/5
  1142 | D:2      | Found a shimmering altar of Xom.
  1159 | D:2      | Reached skill level 1 in Fighting
  1164 | D:2      | Reached skill level 4 in Earth Magic
  1164 | D:2      | Reached XP level 3. HP: 20/20 MP: 6/6
  1334 | D:2      | Reached skill level 1 in Maces & Flails
  1334 | D:2      | Reached XP level 4. HP: 25/25 MP: 7/7
  1964 | D:3      | Reached XP level 5. HP: 30/30 MP: 9/9
  2088 | D:3      | Learned a level 3 spell: Stone Arrow
  2461 | D:3      | Found an ornate altar of the Wu Jian Council.
  2645 | D:4      | Found a hide-covered altar of Uskayaw.
  2655 | D:4      | Found a runed translucent door.
  2656 | D:4      | Noticed Snaaty's ghost (amateur DsGl)
  2686 | D:4      | Identified the +2 spear "Jeajymeg" {freeze, rElec rPois
                  | rC-}
  2693 | D:4      | Found a radiant altar of Vehumet.
  2698 | D:4      | Reached XP level 6. HP: 36/36 MP: 10/10
  2841 | D:4      | Found a sand-covered staircase.
  2851 | Ossuary  | Entered an ossuary
  2869 | Ossuary  | Reached skill level 5 in Earth Magic
  2897 | Ossuary  | Reached XP level 7. HP: 21/41 MP: 1/12
  3191 | Ossuary  | Reached skill level 6 in Earth Magic
  3377 | D:4      | Found a staircase to the Ecumenical Temple.
  3397 | Temple   | Entered the Ecumenical Temple
  3467 | D:4      | Found a snail-covered altar of Cheibriados.
  3604 | D:4      | Found a glowing golden altar of the Shining One.
  3657 | D:4      | Reached XP level 8. HP: 48/48 MP: 14/14
  3852 | D:4      | Reached skill level 5 in Fighting
  4015 | D:4      | Killed Snaaty's ghost
  4096 | D:5      | Entered Level 5 of the Dungeon
  4108 | D:5      | Reached skill level 7 in Earth Magic
  4130 | D:5      | Found a glowing drain.
  4138 | Sewer    | Entered a sewer
  4310 | Sewer    | Reached skill level 5 in Spellcasting
  5347 | D:6      | Reached XP level 9. HP: 55/55 MP: 17/17
  5797 | D:6      | Reached skill level 8 in Earth Magic
  6478 | D:7      | Reached skill level 9 in Earth Magic
  6757 | D:7      | Reached XP level 10. HP: 63/64 MP: 20/20
  6855 | D:7      | Noticed Joseph
  6872 | D:7      | Killed Joseph
  6899 | D:7      | Found a flagged portal.
  7445 | D:7      | Found Zin's Purification Station.
  7447 | D:7      | Found a glowing silver altar of Zin.
  7453 | D:7      | Bought a potion of curing for 90 gold pieces
  7949 | D:8      | Reached skill level 10 in Earth Magic
  8012 | D:8      | Identified the +1 chain mail "Vapevohi" {Will- Str+4 Int+3}
  8024 | D:8      | Noticed a two-headed ogre
  8031 | D:8      | Learned a level 4 spell: Brom's Barrelling Boulder
  8067 | D:8      | Killed a two-headed ogre
  8068 | D:8      | Reached skill level 1 in Armour
  8624 | D:8      | Found a bloodstained altar of Trog.
  8630 | D:8      | Noticed a wizard
  8636 | D:8      | Killed a wizard
  9757 | D:9      | Reached XP level 11. HP: 58/71 MP: 6/23
  9907 | D:9      | Found a staircase to the Lair.
  9924 | D:9      | Noticed a death yak
 10141 | D:9      | Noticed a death yak
 10352 | D:8      | Killed a death yak
 10353 | D:8      | Reached skill level 11 in Earth Magic
 10486 | D:8      | Killed a death yak
 10692 | D:9      | Noticed a swamp dragon
 10692 | D:9      | Noticed a centaur warrior
 10715 | D:9      | Noticed a centaur warrior
 10721 | D:9      | Killed a centaur warrior
 10722 | D:9      | Reached skill level 5 in Conjurations
 10727 | D:9      | Killed a centaur warrior
 10728 | D:9      | Reached skill level 10 in Fighting
 10923 | D:9      | Found a shimmering blue altar of Sif Muna.
 10923 | D:9      | Found a staircase to the Orcish Mines.
 11093 | D:9      | Became a worshipper of Sif Muna the Loreminder
 11332 | D:10     | Entered Level 10 of the Dungeon
 11398 | D:10     | Noticed a two-headed ogre
 11404 | D:10     | Killed a two-headed ogre
 11405 | D:10     | Reached skill level 1 in Invocations
 12034 | D:10     | Noticed a cyclops
 12039 | D:10     | Killed a cyclops
 12349 | D:11     | Noticed Grum
 12397 | D:11     | Killed Grum
 12449 | D:11     | Reached XP level 12. HP: 77/78 MP: 21/25
 12464 | D:11     | Noticed a two-headed ogre
 12479 | D:11     | Killed a two-headed ogre
 12480 | D:11     | Reached skill level 12 in Earth Magic
 12636 | D:11     | Reached * piety under Sif Muna
 12867 | D:11     | Noticed Gastronok
 12949 | D:11     | Killed Gastronok
 12950 | D:11     | Reached skill level 5 in Invocations
 14064 | D:11     | Reached ** piety under Sif Muna
 14862 | D:12     | Identified the ring of Dawn {Fly rF+ SInv}
 15023 | D:12     | Noticed a boulder beetle
 15483 | D:12     | Killed a boulder beetle
 15603 | D:12     | Found a portal to a secret trove of treasure.
 16083 | D:12     | Found Noifremyan's Magic Scroll Shoppe.
 16091 | D:12     | Bought a scroll of identify for 22 gold pieces
 16091 | D:12     | Bought a scroll of identify for 22 gold pieces
 16097 | D:12     | Bought a scroll of blinking for 82 gold pieces
 16499 | D:13     | Noticed a centaur warrior
 16504 | D:13     | Killed a centaur warrior
 16508 | D:13     | Reached skill level 13 in Earth Magic
 16600 | D:13     | Noticed a centaur warrior
 16615 | D:13     | Reached XP level 13. HP: 75/84 MP: 23/26
 16621 | D:13     | Reached skill level 10 in Spellcasting
 17263 | D:13     | Noticed a shadow dragon
 17623 | D:14     | Noticed Rupert
 17623 | D:14     | Found a gate to the Vaults.
 17713 | D:13     | Reached *** piety under Sif Muna
 18095 | D:13     | Reached skill level 10 in Invocations
 18334 | D:13     | Noticed a storm dragon
 18407 | D:13     | Identified a scroll of acquirement
 18722 | D:13     | Reached skill level 14 in Earth Magic
 19257 | D:14     | Paralysed by Rupert for 4 turns
 19959 | D:14     | Gained mutation: Your large and strong wings let you fly.
                  | [Gargoyle growth]
 19959 | D:14     | Reached XP level 14. HP: 46/96 MP: 3/28
 20842 | D:15     | Entered Level 15 of the Dungeon
 21315 | D:15     | Found a staircase to the Depths.
 21801 | D:15     | Learned a level 4 spell: Petrify
 21924 | D:15     | Reached skill level 1 in Alchemy
 22102 | D:15     | Reached **** piety under Sif Muna
 22730 | D:15     | Reached skill level 15 in Earth Magic
 23275 | Lair:1   | Entered Level 1 of the Lair of Beasts
 24348 | Lair:2   | Found a staircase to the Snake Pit.
 24686 | Lair:2   | Found a dark tunnel.
 24693 | Volcano  | Entered a volcano
 24751 | Volcano  | Noticed a red draconian
 24759 | Volcano  | Killed a red draconian
 25564 | Lair:2   | Found a staircase to the Shoals.
 25658 | Lair:2   | Reached XP level 15. HP: 81/100 MP: 17/30
 26083 | Lair:2   | Reached ***** piety under Sif Muna
 26516 | Lair:3   | Noticed Fannar
 26531 | Lair:3   | Killed Fannar
 26532 | Lair:3   | Reached skill level 5 in Alchemy
 26706 | Lair:3   | Received a gift from Sif Muna
 26707 | Lair:3   | Got Sif Muna's Guide on Coffins {god gift}
 26714 | Lair:3   | Learned a level 5 spell: Borgnjor's Vile Clutch
 26721 | Lair:3   | Learned a level 6 spell: Permafrost Eruption
 26833 | Lair:2   | Reached skill level 1 in Ice Magic
 27250 | Lair:3   | Noticed Nergalle
 27254 | Lair:3   | Killed Nergalle
 28794 | Lair:4   | Reached skill level 1 in Necromancy
 29307 | Lair:4   | Reached skill level 16 in Earth Magic
 29652 | Lair:4   | Reached skill level 5 in Ice Magic
 30048 | Lair:5   | Entered Level 5 of the Lair of Beasts
 30463 | Lair:5   | Found a viscous altar of Jiyva.
 30464 | Lair:5   | Found a staircase to the Slime Pits.
 31595 | Lair:5   | Received a gift from Sif Muna
 31745 | Lair:5   | Got Jippatoq's Directory of Leucosis {god gift}
 32467 | Lair:5   | Reached XP level 16. HP: 106/106 MP: 7/32
 33432 | D:13     | Killed Rupert
 33694 | D:13     | Learned a level 5 spell: Lee's Rapid Deconstruction
 33699 | D:13     | Learned a level 4 spell: Leda's Liquefaction
 33704 | D:13     | Learned a level 4 spell: Animate Armour
 33757 | D:13     | Killed a storm dragon
 33763 | D:13     | Killed a shadow dragon
 33764 | D:13     | Reached skill level 1 in Evocations
 33873 | D:13     | Identified the +2 quarterstaff of Ruikh {pain, Dex+3 SInv}
 33878 | D:13     | Identified the +0 scale mail "Feudgh" {rN+ Int+3}
 34027 | Orc:1    | Entered Level 1 of the Orcish Mines
 34617 | Orc:1    | Found Ducuovij's Armour Shoppe.
 34658 | Orc:1    | Found a roughly hewn altar of Beogh.
 34806 | Orc:2    | Entered Level 2 of the Orcish Mines
 35364 | Orc:2    | Found a staircase to the Elven Halls.
 35936 | Orc:2    | Reached skill level 5 in Armour
 36726 | Orc:2    | Found a roughly hewn altar of Beogh.
 36806 | Orc:2    | Found a roughly hewn altar of Beogh.
 36845 | Orc:2    | Found a roughly hewn altar of Beogh.
 36923 | Orc:2    | Found a roughly hewn altar of Beogh.
 37426 | Orc:2    | Found a roughly hewn altar of Beogh.
 37431 | Orc:2    | Found Qaijol's Antique Armour Emporium.
 37520 | Orc:2    | Found Qajoixeg's Antique Armour Emporium.
 37521 | Orc:2    | Found a roughly hewn altar of Beogh.
 37522 | Orc:2    | Found Ivodayte's Antique Weapon Shoppe.
 37661 | Orc:2    | Received a gift from Sif Muna
 37662 | Orc:2    | Got Sif Muna's Spellbook of Spells {god gift}
 37668 | Orc:2    | Found a roughly hewn altar of Beogh.
 37733 | Orc:2    | Found Vudaylusil's Armour Emporium.
 38035 | Orc:2    | Bought a runed helmet for 202 gold pieces
 38037 | Orc:2    | Bought a shiny helmet for 202 gold pieces
 38041 | Orc:2    | Bought a runed hat for 189 gold pieces
 38041 | Orc:2    | Bought runed steam dragon scales for 1161 gold pieces
 38054 | Orc:2    | Acquired 1264 gold pieces
 38208 | Orc:2    | Bought a shiny ring mail for 189 gold pieces
 38208 | Orc:2    | Bought a jewelled scale mail for 243 gold pieces
 38208 | Orc:2    | Identified the +0 scale mail of the Elven Halls {MP+9
                  | Dex+3} (You bought it in a shop on level 2 of the Orcish
                  | Mines)
 38265 | Orc:2    | Bought a shiny ring mail for 245 gold pieces
 38420 | Snake:1  | Entered Level 1 of the Snake Pit
 38527 | Snake:1  | Found Keyttuh's Book Shoppe.
 38575 | Snake:1  | Reached skill level 1 in Shields
 38658 | Snake:1  | Found Riadeijo's Book Shoppe.
 38659 | Snake:1  | Found Foejuv's Jewellery Boutique.
 39059 | Snake:1  | Reached skill level 5 in Dodging
 40595 | Snake:2  | Reached XP level 17. HP: 110/112 MP: 6/34
 40933 | Snake:2  | Reached skill level 1 in Polearms
 42161 | Snake:2  | Reached skill level 5 in Shields
 43278 | Snake:3  | Found Tinku's Assorted Antiques.
 43287 | Snake:3  | Bought a potion of magic for 192 gold pieces
 43287 | Snake:3  | Bought a scroll of revelation for 180 gold pieces
 43376 | Snake:3  | Found Olocaita's Weapon Boutique.
 43496 | Snake:3  | Found a glacial archway.
 43508 | IceCv    | Entered an ice cave
 43526 | IceCv    | Slain by a white very ugly thing

Illustrated notes

Levels and vault maps discovered:
D:1:      giann_horns, layout_basic, hellmonk_ecumenical_altar_run_dry,
          minmay_misc_feat_room, grunt_decor_resistance
D:2:      layout_loops_cross, basic_altar
D:3:      layout_basic, nzn_wu_jian_contemplation, serial_undead,
          serial_undead_e, serial_undead_a, serial_undead_b, serial_undead_d
D:4:      cheibrodos_barr_body, layout_cave_pools, nicolae_uskayaw_dance_hall,
          slow_altar_2, nicolae_vehumet_altar_sigil, tso_altar,
          minmay_temple_entry_glassed_door, chequers_ossuary_entry_cave,
          gammafunk_ghost_grave
D:5:      layout_basic, gup_sewer_entry_bubbles
D:6:      layout_basic
D:7:      layout_basic, zin_purify, enter_bailey_3, uniq_joseph
D:8:      layout_layer_cave, trog_wizard, chequers_jeans, hangedman_incinerator
D:9:      minmay_blocky_corners, layout_gridville,
          mainiacjoe_overflow_boulevard, dpeg_lair_monsters, orc_0_dummy,
          chequers_serial_rivers_micro_b, lemuel_flame_loot_1
D:10:     layout_irregular_city
D:11:     kennysheep_seaside_town, layout_irregular_city, serial_bayou_pond_c,
          uniq_gastronok, uniq_grum
D:12:     layout_irregular_city, nicolae_trove_entry_free_sample, serial_shops,
          shop
D:13:     minmay_the_grid_four_pointed_star
          [minmay_the_grid_triangle_9x9_negative_grid,
          minmay_the_grid_triangle_9x9_shrine,
          minmay_the_grid_triangle_9x9_windchime,
          minmay_the_grid_triangle_9x9_pentomino_pain,
          minmay_the_grid_prize_diamond_cup], layout_rooms
D:14:     layout_roguey, david_vaults_3, hangedman_decor_push
D:15:     grunt_enter_depths_hoard, layout_basic, minivault_26
Temple:   jpeg_temple_clearing
Lair:1:   layout_gridlike, grunt_megastairs_3
Lair:2:   layout_regular_city, minmay_shoals_entry_beasts,
          minmay_snake_entry_guardpost_small, nicolae_volcano_entry_s_turn,
          nicolae_lair_liquid_snakes, grunt_megastairs_5
Lair:3:   layout_regular_city, nicolae_lair_lindhole,
          infiniplex_staircase_pool_2, serial_bayou_shore_b, uniq_fannar,
          uniq_nergalle
Lair:4:   layout_big_grid, lemuel_fruit_fields
Lair:5:   guppyfry_lair_end_dragon, layout_long_grid, hangedman_lair_in_review,
          nicolae_slime_entry_slimehenge
Snake:1:  layout_layer_cave, minmay_shop_grove, nicolae_triple_integral
Snake:2:  layout_rooms, nicolae_elevator_lobby_asterisk
Snake:3:  layout_grid_maze, portal_ice_cave_entry_ice_simulacra, serial_shops,
          shop, shop, uniq_vashnia
Orc:1:    nicolae_orc_accident_1, layout_diamond_mine, serial_shops, shop,
          basic_altar
Orc:2:    grunt_orc_community_town_hall, layout_caves,
          grunt_orc_community_big_house_2, grunt_orc_community_big_house_2,
          grunt_orc_community_house_3, grunt_orc_community_house_3,
          grunt_orc_community_house_2, grunt_orc_community_house_3,
          grunt_orc_community_house_3, grunt_orc_community_house_2,
          mines5_lemuel
IceCv:    ice_cave_statue_garden_transporter

Skill      XL: |  1  2  3  4  5  6  7  8  9 10 11 12 13 14 15 16 17 |
---------------+----------------------------------------------------+-----
Fighting       | 1 2 3 4 5 7 9 10 11 14 | 14.3
Earth Magic    | 4 5 6 7 9 10 11 13 14 15 16 | 16.6
Conjurations   | 2 3 4 6 8 9 |  9.0
Maces & Flails | 1 2 |  2.0
Spellcasting   | 3 4 5 6 8 9 10 11 12 13 | 13.1
Dodging        | 3 4 5 |  5.9
Armour         | 3 4 5 6 |  6.9
Stealth        | 4 |  4.0
Invocations    | 3 8 10 | 10.0
Alchemy        | 4 5 |  5.0
Ice Magic      | 6 8 9 |  9.9
Necromancy     | 4 |  4.0
Evocations     | 3 4 |  4.3
Shields        | 3 6 |  6.0
Polearms       | 2 |  2.9

Action                     |  1- 3 |  4- 6 |  7- 9 | 10-12 | 13-15 | 16-18 || total
---------------------------+-------+-------+-------+-------+-------+-------++-------
  Melee: Club              |    18 |       |       |       |       |       ||    18
         Whip              |       |    12 |    16 |       |       |       ||    28
         Quarterstaff      |       |       |       |   112 |    46 |     3 ||   161
         Demon trident     |       |       |       |       |       |    81 ||    81
  Throw: Dart              |       |       |       |       |     1 |       ||     1
   Cast: Sandblast         |    34 |    97 |   203 |   109 |   185 |    64 ||   692
         Stone Arrow       |       |       |    27 |   273 |   762 |   243 ||  1305
         Brom's Barrelling |       |       |       |    29 |    38 |       ||    67
         Borgnjor's Vile C |       |       |       |       |     2 |    89 ||    91
         Lee's Rapid Decon |       |       |       |       |       |    76 ||    76
         Permafrost Erupti |       |       |       |       |       |    77 ||    77
         Leda's Liquefacti |       |       |       |       |       |     4 ||     4
         Animate Armour    |       |       |       |       |       |     4 ||     4
 Invoke: Channel Magic     |       |       |       |       |     5 |    12 ||    17
  Evoke: Wand              |       |       |       |     1 |       |       ||     1
         Gell's gravitambo |       |       |       |       |     1 |       ||     1
    Use: Scroll            |     1 |     2 |       |    15 |    20 |     3 ||    41
         Potion            |       |       |       |       |       |     1 ||     1
 Armour: Robe              |    14 |    44 |    78 |       |       |       ||   136
         Leather armour    |       |       |     2 |       |   258 |   452 ||   712
         Steam dragon scal |       |       |    25 |   237 |   359 |       ||   621
  Dodge: Dodged            |    32 |    25 |   128 |   253 |   599 |   230 ||  1267
  Block: Kite shield       |       |       |       |       |       |   115 ||   115

Table legend: (Time is in decaauts)
 A = Elapsed time spent in this place.
 B = Non-inter-level travel time spent in this place.
 C = Inter-level travel time spent in this place.
 D = Time resting spent in this place.
 E = Time spent auto-exploring this place.
 F = Levels seen in this place.
 G = Mean time per level.
                   A        B        C        D        E       F      G
               +--------+--------+--------+--------+--------+-----+--------+
         Total |  44062 |  41216 |   2846 |   8675 |  24045 |  30 | 1468.7 |
       Dungeon |  23545 |  21787 |   1758 |   4463 |  12870 |  15 | 1569.7 |
        Temple |     22 |      9 |     13 |      0 |      9 |   1 |   22.0 |
          Lair |   9620 |   9041 |    579 |   1113 |   6348 |   5 | 1924.0 |
     Snake Pit |   5096 |   5026 |     70 |   1515 |   2193 |   3 | 1698.7 |
  Orcish Mines |   4255 |   3831 |    424 |   1409 |   1906 |   2 | 2127.5 |
         Sewer |    403 |    403 |      0 |      0 |    104 |   1 |  403.0 |
       Ossuary |    534 |    534 |      0 |      0 |    379 |   1 |  534.0 |
      Ice Cave |     18 |     18 |      0 |      0 |      0 |   1 |   18.0 |
       Volcano |    565 |    565 |      0 |    175 |    236 |   1 |  565.0 |
               +--------+--------+--------+--------+--------+-----+--------+

Top non-repeatable levels by time:
    D:13: 3252 daAuts
  Lair:5: 3173 daAuts
   Orc:2: 2591 daAuts
    D:11: 2587 daAuts
 Snake:2: 2538 daAuts
 Snake:1: 2140 daAuts
  Lair:3: 2124 daAuts
     D:9: 2100 daAuts
    D:15: 1954 daAuts
    D:14: 1951 daAuts
     D:8: 1843 daAuts
  Lair:2: 1827 daAuts
    D:12: 1712 daAuts
   Orc:1: 1664 daAuts
     D:7: 1378 daAuts
